 Dungeon Crawl Stone Soup version 0.23.2-30-g0e89c35649 (webtiles) character file.

Game seed: 4917885920396526260

41 doot the Conjurer (level 3, -3/19 HPs)
             Began as a Tengu Conjurer on June 14, 2019.
             Killed from afar by Natasha (10 damage)
             ... with a magic dart
             ... on level 2 of the Dungeon.
             The game lasted 00:02:28 (1050 turns).

doot the Conjurer (Tengu Conjurer)                  Turns: 1050, Time: 00:02:28

Health: -3/19      AC:  2    Str:  8    XL:     3   Next: 52%
Magic:  0/7        EV: 13    Int: 16    God:
Gold:   103        SH:  0    Dex: 14    Spells: 0/6 levels left

rFire    . . .     SeeInvis .   b - +0 whip
rCold    . . .     Gourm    .   (no shield)
rNeg     . . .     Faith    .   a - +0 robe
rPois    +         Spirit   .   (helmet restricted)
rElec    .         Reflect  .   (no cloak)
rCorr    .         Harm     .   (no gloves)
MR       .....                  (boots unavailable)
Stlth    ++........             (no amulet)
HPRegen  0.06/turn              f - ring of poison resistance
MPRegen  0.10/turn              j - ring of wizardry

@: no status effects
A: beak, talons 3
a: no special abilities


You were on level 2 of the Dungeon.
You were not hungry.

You visited 1 branch of the dungeon, and saw 2 of its levels.

You collected 103 gold pieces.

Inventory:

Hand Weapons
 b - a +0 whip (weapon)
Armour
 a - a +0 robe (worn)
Jewellery
 f - a ring of poison resistance (left hand)
 i - an uncursed ring of protection from magic
 j - a ring of wizardry (right hand)
Scrolls
 d - a scroll of enchant armour {unknown}
 e - a scroll of teleportation {unknown}
 h - 2 scrolls of identify {unknown}
Potions
 g - a potion of haste {unknown}
 k - a potion of lignification {unknown}
Comestibles
 c - 2 rations


   Skills:
 + Level 2.4 Dodging
 + Level 2.1 Stealth
 + Level 2.3 Spellcasting
 + Level 6.4 Conjurations


You couldn't memorise any spells.
You knew the following spells:

 Your Spells              Type           Power        Failure   Level  Hunger
a - Magic Dart            Conj           ###.         1%          1    #......
b - Searing Ray           Conj           ###...       1%          2    ###....
c - Dazzling Spray        Conj/Hex       ##....       6%          3    ###....

Your spell library contained the following spells:

 Spells                   Type           Power        Failure   Level  Hunger
 Iskenderun's Mystic Bla  Conj           ###.....     6%          4    #####..
 Force Lance              Conj/Tloc      ##......     21%         4    #####..
 Fulminant Prism          Conj/Hex       ##........   21%         4    #####..


Dungeon Overview and Level Annotations

Branches:
Dungeon (2/15)

Altars:
Ashenzari

Annotations:
D:2 Natasha


Innate Abilities, Weirdness & Mutations

You have a beak for a mouth.
You have claws for feet.


Message History

Natasha is almost dead.
Natasha claws you.
You closely miss Natasha.
Natasha is almost dead.
Natasha is no longer blind.
Natasha misses you.
You barely miss Natasha. Your kick misses Natasha.
Natasha is almost dead.
Natasha barely misses you.
Unknown command.
You aren't carrying any items that you can evoke.
Unknown command.
You miss Natasha.
Natasha is almost dead.
Natasha howls an incantation.
You feel troubled. Natasha barely misses you. Natasha casts a spell at you.
The magic dart hits you!
Ouch! That really hurt!
You die...

#.......# #.##.####
#.##.##### ##
.........# ..
##.......####### .#
#......>......# .#
#..........##.# .#
#....#...>.##.###.#
##<.............@h.#
#..).......###.#####
.....##.#......#
#.......#..#....
...#.......#....
...#.##.........
...#. ###..#..... ##
#. #.#... ..


You could see Natasha.

Vanquished Creatures
  A gnoll (D:2)
  An ooze (D:1)
  A dart slug (D:1)
  A leopard gecko (D:1)
  A giant cockroach (D:1)
  4 goblins (D:1)
  A hobgoblin (D:1)
  3 kobolds
  A ball python (D:2)
  2 bats
  4 frilled lizards (D:1)
  6 rats (D:1)
26 creatures vanquished.

Notes
Turn   | Place    | Note
-------+----------+-------------------------------------------
     0 | D:1      | doot the Tengu Conjurer began the quest for the Orb.
     0 | D:1      | Reached XP level 1. HP: 10/10 MP: 4/4
   247 | D:1      | Reached XP level 2. HP: 11/15 MP: 1/6
   420 | D:1      | Reached skill level 6 in Conjurations
   426 | D:1      | Learned a level 2 spell: Searing Ray
   759 | D:1      | Reached XP level 3. HP: 19/19 MP: 4/7
   924 | D:2      | Found a shattered altar of Ashenzari.
  1035 | D:2      | Learned a level 3 spell: Dazzling Spray
  1042 | D:2      | Noticed Natasha
  1050 | D:2      | Killed from afar by Natasha

Skill      XL: |  1  2 |
---------------+-------+-----
Conjurations   | 6 |  6.4
Dodging        | |  2.4
Stealth        | |  2.1
Spellcasting   | |  2.3

Action                   || total
-------------------------++-------
Melee: Whip              ||     5
 Cast: Magic Dart        ||    45
       Searing Ray       ||     2
       Dazzling Spray    ||     1
  Eat: Chunk             ||     1
Dodge: Dodged            ||     3
